 Dungeon Crawl Stone Soup version 0.29.0-4-gdea44cf6ec (webtiles) character file.

Game seed: 4331879757516955461

1 qw the Grasshopper (level 1, -3/12 HPs)
             Began as a Tengu Warper on Aug 28, 2022.
             Slain by a kobold
             ... wielding a +0 short sword
              (4 damage)
             ... on level 1 of the Dungeon.
             The game lasted 00:00:00 (62 turns).

qw the Grasshopper (Tengu Warper)                     Turns: 62, Time: 00:00:00

Health: -3/12      AC:  3    Str: 11    XL:     1   Next: 20%
Magic:  4/4        EV: 11    Int: 13    God:
Gold:   0          SH:  0    Dex: 13    Spells: 4/4 levels left

rFire   . . .      SeeInvis .   a - +0 hand axe
rCold   . . .      Faith    .   (no shield)
rNeg    . . .      Spirit   .   b - +0 leather armour
rPois   .          Reflect  .   (helmet restricted)
rElec   .          Harm     .   (no cloak)
rCorr   .          Rampage  .   (no gloves)
Will    .....                   (boots unavailable)
Stlth   +.........              (no amulet)
HPRegen 0.04/turn               (no ring)
MPRegen 0.09/turn               (no ring)

@: no status effects
A: beak, talons 3
a: no special abilities


You were on level 1 of the Dungeon.
You visited 1 branch of the dungeon, and saw 1 of its levels.


Innate Abilities, Weirdness & Mutations

You have a beak for a mouth.
You have claws for feet.


   Skills:
 - Level 2.0 Fighting
 + Level 2.3 Axes
 - Level 1.0 Throwing
 - Level 1.1 Armour
 - Level 2.1 Dodging
 - Level 2.0 Spellcasting
 - Level 2.4 Translocations


You had 4 spell levels left.
You didn't know any spells.
Your spell library contained the following spells:

 Spells                   Type           Power      Damage    Failure   Level
 Blink                    Tloc           14%        N/A       19%         2
 Gell's Gravitas          Tloc           7%         N/A       36%         3
 Lesser Beckoning         Tloc           7%         N/A       36%         3
 Teleport Other           Tloc           7%         N/A       36%         3
 Manifold Assault         Tloc           7%         N/A       98%         5

Inventory:

Hand Weapons
 a - a +0 hand axe (weapon)
 f - a +0 whip
Missiles
 d - 4 boomerangs of dispersal (quivered)
Armour
 b - a +0 leather armour (worn)
Scrolls
 c - a scroll of blinking
Potions
 e - a potion of lignification {unknown}

Dungeon Overview and Level Annotations

Branches:
Dungeon (1/15)

Altars:


Message History

The hobgoblin blinks!
The hobgoblin is heavily wounded.
Throw: 6 boomerangs (disperse)
Press: ? - help, Q - select action Shift-Dir - straight line, f/p - hobgoblin You throw a boomerang of dispersal.
The boomerang of dispersal closely misses the hobgoblin.
Throw: 5 boomerangs (disperse)
Press: ? - help, Q - select action Shift-Dir - straight line, f/p - hobgoblin You throw a boomerang of dispersal.
The boomerang of dispersal hits the hobgoblin.
The hobgoblin blinks!
A kobold comes into view. It is wielding a +0 short sword.
53 ||| Stepping ~*~*~tactically~*~*~ (stealth).
A rat comes into view.
Found Ozocubu's Autobiography.
54 ||| Stepping ~*~*~tactically~*~*~ (stealth).
Found a silvery potion.
55 ||| Stepping ~*~*~tactically~*~*~ (stealth).
A dart slug comes into view.
You barely miss the hobgoblin.
The hobgoblin is severely wounded.
The kobold shouts!
The hobgoblin hits you.
You closely miss the hobgoblin. You claw the hobgoblin.
You kill the hobgoblin!
Found 3 scrolls labelled CYBECA KILOE.
Found a stone staircase leading down.
The dart slug launches a dart at you. The slug dart hits you.
The kobold hits you but does no damage.
You closely miss the kobold.
The kobold hits you with a +0 short sword.
The dart slug launches a dart at you. The slug dart misses you.
You closely miss the kobold.
The kobold hits you with a +0 short sword.
You hit the kobold but do no damage. Your kick misses the kobold.
Your peck misses the kobold. The dart slug launches a dart at you.
The slug dart hits you.
The kobold hits you with a +0 short sword.
You die...

...> .. ##...#.#
......# ? #
#...#!####..
###.##......:....
......w.........
.####.##...........
...........@K......
.........%.#.###...
.............#
r......#...#.#.#
...#...........
#...............
#.####...###########
#........###.## ##.##
.####..###...###...##


You could see a dart slug and a kobold.

Vanquished Creatures
  A hobgoblin (D:1)
1 creature vanquished.

Notes
Turn   | Place    | Note
-------+----------+-------------------------------------------
     0 | D:1      | qw the Tengu Warper began the quest for the Orb.
     0 | D:1      | Reached XP level 1. HP: 12/12 MP: 4/4
     0 | D:1      | 0 ||| qw: Version: 0.1-a-89-g26bdef1
     0 | D:1      | 0 ||| qw: Game counter: 1567
     0 | D:1      | 0 ||| qw: Always use a shield: true
     0 | D:1      | 0 ||| qw: God list: Okawaru
     0 | D:1      | 0 ||| qw: Allow faded altars: false
     0 | D:1      | 0 ||| qw: Do Orc after D:15 true
     0 | D:1      | 0 ||| qw: Do second Lair branch before Depths: true
     0 | D:1      | 0 ||| qw: Lair rune preference: random
     0 | D:1      | 0 ||| qw: Plans: Normal
     0 | D:1      | 0 ||| PLANNING D:1-11
    53 | D:1      | 53 ||| Stepping ~*~*~tactically~*~*~ (stealth).
    54 | D:1      | 54 ||| Stepping ~*~*~tactically~*~*~ (stealth).
    55 | D:1      | 55 ||| Stepping ~*~*~tactically~*~*~ (stealth).
    61 | D:1      | HP: 3/12 [kobold/+0 short sword (3)]
    62 | D:1      | HP: 1/12 [dart slug/slug dart (2)]
    62 | D:1      | Slain by a kobold

Levels and vault maps discovered:
D:1:      dpeg_arrival_rhombi, layout_basic, chequers_mini_garden,
          grunt_decor_fettered, minmay_misc_feat_diagonals, minmay_pentomino_w4

Action                   || total
-------------------------++-------
Melee: Hand axe          ||     5
       Kick              ||     1
Throw: Boomerang         ||     3
Armor: Leather armour    ||     1
Dodge: Dodged            ||     1

Table legend:
 A = Non-vault XP
 B = Vault XP
 C = Vault XP percentage of total XP
 D = Non-vault monster count
 E = Vault monster count
 F = Vault count percentage of total count
                 A         B        C        D         E       F
            +---------+---------+-------+---------+---------+-------
      Total |       2 |       0 |   0.0 |       1 |       0 |   0.0
            +---------+---------+-------+---------+---------+-------
        D:1 |       2 |       0 |   0.0 |       1 |       0 |   0.0
            +---------+---------+-------+---------+---------+-------
